[ PARTIDA AOE2 · #470542691 ]
Team RMPolacos vs Britons
[ ANÁLISIS DE REPETICIÓN · EXTRAÍDO DE LA PARTIDA GRABADA ]
Feudal
13:44
Castillos
—
Imperial
—
| APM promedio | 20.4 |
| APM pico | 59 |
| eAPM promedio | 8.1 |
| Aldeanos / militares | 44 / 4 |
Foco
⚔️ 25.0% · 🌾 75.0%
Spearman ×4
Feudal
11:00
Castillos
15:45
Imperial
—
| APM promedio | 28.9 |
| APM pico | 70 |
| eAPM promedio | 15.0 |
| Aldeanos / militares | 59 / 43 |
Foco
⚔️ 24.4% · 🌾 75.6%
Knight ×42 · Monk ×1
Feudal
11:45
Castillos
27:40
Imperial
—
| APM promedio | 50.7 |
| APM pico | 95 |
| eAPM promedio | 15.2 |
| Aldeanos / militares | 57 / 26 |
Foco
⚔️ 35.5% · 🌾 64.5%
Knight ×14 · Skirmisher ×6 · Scout Cavalry ×4 · Spearman ×2
Feudal
12:37
Castillos
23:19
Imperial
—
| APM promedio | 54.8 |
| APM pico | 96 |
| eAPM promedio | 20.2 |
| Aldeanos / militares | 64 / 43 |
Foco
⚔️ 36.1% · 🌾 63.9%
Archer ×36 · Spearman ×5 · Mangonel ×2
Feudal
9:53
Castillos
18:39
Imperial
—
| APM promedio | 28.2 |
| APM pico | 71 |
| eAPM promedio | 13.0 |
| Aldeanos / militares | 69 / 41 |
Foco
⚔️ 20.5% · 🌾 79.5%
Skirmisher ×37 · Mangonel ×4
Feudal
11:12
Castillos
21:55
Imperial
—
| APM promedio | 38.6 |
| APM pico | 67 |
| eAPM promedio | 15.0 |
| Aldeanos / militares | 86 / 39 |
Foco
⚔️ 23.8% · 🌾 76.2%
Archer ×35 · Mangonel ×4
Mapa de la partida
Recursos iniciales + cada clic de construcción. Líneas = muros · curvas = relieve. ◆ oro · ⬟ piedra · ● bayas · ✦ reliquia · ◌ hueco del cierre
Tu base· Abierta — flanco sin cerrar
Base de elPreto· Abierta — flanco sin cerrar
Base de chrisgrm· Abierta — hueco de 3t
Base de 11++· Abierta — flanco sin cerrar
Base de kenneth3011· Abierta — hueco de 7t
Base de fengyiwui· Abierta — hueco de 4t
Terreno inicial suavizado · ◌ = hueco del cierre detectado · pasá el cursor para detalles
Inputs por minuto
— Nidagumo - - elPreto
Build order — Nidagumo
85 acciones detectadas en el replay
| 0:10 | Construir | House |
| 0:12 | Construir | House |
| 0:14 | Crear | Villager (Male) ×4 |
| 2:23 | Crear | Villager (Male) |
| 2:23 | Crear | Villager (Male) |
| 2:23 | Crear | Villager (Male) |
| 2:37 | Crear | Villager (Male) |
| 3:10 | Crear | Villager (Male) |
| 3:18 | Construir | Lumber Camp |
| 3:19 | Crear | Villager (Male) |
| 4:15 | Construir | Palisade Gate |
| 4:25 | Crear | Villager (Male) |
| 4:25 | Crear | Villager (Male) |
| 5:21 | Crear | Villager (Male) |
| 5:24 | Investigar | Loom |
| 5:31 | Crear | Villager (Male) |
| 5:43 | Construir | Mill |
| 6:42 | Crear | Villager (Male) |
| 6:55 | Crear | Villager (Male) |
| 7:13 | Crear | Villager (Male) |
| 7:23 | Construir | Barracks |
| 7:29 | Crear | Villager (Male) |
| 8:13 | Construir | House |
| 8:26 | Crear | Villager (Male) |
| 8:57 | Crear | Villager (Male) |
| 9:19 | Construir | Mill |
| 9:41 | Crear | Villager (Male) |
| 10:08 | Crear | Villager (Male) |
| 10:48 | Crear | Villager (Male) |
| 11:34 | Investigar | Feudal Age |
| 11:56 | Construir | House |
| 11:57 | Construir | House |
| 11:59 | Construir | House |
| 12:05 | Construir | Barracks |
| 12:09 | Construir | Palisade Gate |
| 13:36 | Crear | Villager (Male) |
| 13:44 | Edad | Edad Feudal |
| 13:45 | Construir | Stable |
| 13:50 | Investigar | Double-Bit Axe |
| 13:54 | Crear | Villager (Male) |
| 14:06 | Investigar | Wheelbarrow |
| 14:22 | Construir | Mining Camp |
| 14:26 | Crear | Villager (Male) |
| 14:33 | Investigar | Man-at-Arms (upgrade) |
| 14:54 | Crear | Villager (Male) |
| 15:05 | Construir | Blacksmith |
| 15:13 | Crear | Villager (Male) |
| 15:28 | Construir | Farm |
| 15:33 | Crear | Villager (Male) |
| 15:39 | Construir | Farm |
| 16:12 | Construir | Mining Camp |
| 16:14 | Crear | Villager (Male) |
| 16:22 | Crear | Villager (Male) |
| 16:34 | Construir | Farm |
| 16:58 | Crear | Villager (Male) |
| 17:03 | Construir | Farm |
| 17:06 | Construir | Farm |
| 17:12 | Construir | Farm |
| 17:16 | Crear | Villager (Male) |
| 17:25 | Construir | Farm |
| 17:30 | Crear | Villager (Male) |
| 17:44 | Construir | Farm |
| 18:03 | Crear | Villager (Male) |
| 18:11 | Crear | Villager (Male) |
| 18:13 | Crear | Villager (Male) |
| 18:27 | Construir | Watch Tower |
| 18:59 | Construir | Farm |
| 19:00 | Construir | Farm |
| 19:01 | Crear | Villager (Male) |
| 19:05 | Construir | Market |
| 19:14 | Investigar | Horse Collar |
| 19:29 | Investigar | Fletching |
| 19:42 | Construir | Palisade Gate |
| 20:54 | Crear | Spearman |
| 21:05 | Crear | Villager (Male) |
| 21:21 | Crear | Spearman |
| 21:58 | Crear | Villager (Male) |
| 22:08 | Crear | Villager (Male) |
| 22:12 | Construir | Farm |
| 22:14 | Crear | Villager (Male) |
| 22:29 | Construir | Lumber Camp |
| 22:37 | Crear | Villager (Male) |
| 22:46 | Crear | Spearman |
| 22:47 | Crear | Spearman |
| 23:03 | Crear | Villager (Male) |
Build order — elPreto
Primeras 150 de 176 acciones detectadas
| 0:04 | Crear | Villager (Male) |
| 0:05 | Crear | Villager (Male) |
| 0:05 | Crear | Villager (Male) |
| 0:05 | Crear | Villager (Male) |
| 0:06 | Crear | Villager (Male) |
| 1:35 | Crear | Villager (Male) |
| 1:50 | Construir | Lumber Camp |
| 2:02 | Crear | Villager (Male) |
| 2:19 | Crear | Villager (Male) |
| 2:51 | Crear | Villager (Male) |
| 3:18 | Crear | Villager (Male) |
| 3:20 | Crear | Villager (Male) |
| 3:41 | Crear | Villager (Male) |
| 4:32 | Crear | Villager (Male) |
| 4:39 | Crear | Villager (Male) |
| 4:53 | Crear | Villager (Male) |
| 5:17 | Crear | Villager (Male) |
| 5:36 | Crear | Villager (Male) |
| 5:45 | Crear | Villager (Male) |
| 5:47 | Crear | Villager (Male) |
| 5:56 | Crear | Villager (Male) |
| 6:18 | Construir | Mill |
| 6:51 | Crear | Villager (Male) |
| 7:40 | Construir | Mining Camp |
| 7:49 | Investigar | Loom |
| 8:04 | Investigar | Feudal Age |
| 8:12 | Construir | Farm |
| 8:14 | Construir | Farm |
| 8:15 | Construir | Farm |
| 8:16 | Construir | Farm |
| 8:48 | Construir | Farm |
| 9:12 | Construir | Palisade Wall |
| 10:10 | Construir | Barracks |
| 10:48 | Crear | Villager (Male) |
| 10:49 | Crear | Villager (Male) |
| 10:52 | Crear | Villager (Male) |
| 11:00 | Edad | Edad Feudal |
| 11:10 | Construir | Stable |
| 11:13 | Construir | Blacksmith |
| 11:24 | Construir | Farm |
| 12:10 | Crear | Villager (Male) |
| 12:12 | Construir | Farm |
| 12:34 | Construir | Farm |
| 12:40 | Crear | Villager (Male) |
| 12:44 | Construir | Farm |
| 13:02 | Investigar | Castle Age |
| 13:26 | Investigar | Double-Bit Axe |
| 14:03 | Investigar | Horse Collar |
| 14:17 | Investigar | Gold Mining |
| 14:35 | Construir | Farm |
| 14:37 | Construir | Farm |
| 14:44 | Construir | Farm |
| 14:47 | Construir | Farm |
| 14:49 | Investigar | Bloodlines |
| 15:11 | Crear | Villager (Male) |
| 15:36 | Construir | Farm |
| 15:37 | Construir | Farm |
| 15:40 | Construir | Farm |
| 15:45 | Edad | Edad de los Castillos |
| 15:46 | Crear | Villager (Male) |
| 15:48 | Crear | Knight |
| 16:14 | Crear | Knight |
| 16:17 | Investigar | Bow Saw |
| 16:29 | Crear | Knight |
| 16:44 | Construir | Farm |
| 16:46 | Crear | Villager (Male) |
| 16:47 | Crear | Villager (Male) |
| 16:56 | Crear | Knight |
| 17:10 | Construir | Farm |
| 17:17 | Crear | Villager (Male) |
| 17:25 | Crear | Knight |
| 17:34 | Construir | Farm |
| 17:38 | Crear | Villager (Male) |
| 17:54 | Crear | Knight |
| 17:57 | Construir | Farm |
| 18:08 | Crear | Villager (Male) |
| 18:11 | Construir | Farm |
| 18:17 | Crear | Knight |
| 18:28 | Construir | Farm |
| 18:34 | Investigar | Scale Barding Armor |
| 18:43 | Crear | Villager (Male) |
| 18:47 | Construir | Farm |
| 19:04 | Construir | Farm |
| 19:06 | Crear | Villager (Male) |
| 19:26 | Investigar | Forging |
| 19:31 | Construir | Farm |
| 19:48 | Crear | Villager (Male) |
| 19:49 | Crear | Villager (Male) |
| 19:52 | Crear | Knight |
| 20:08 | Construir | Farm |
| 20:10 | Investigar | Heavy Plow |
| 20:39 | Crear | Villager (Male) |
| 20:41 | Construir | Farm |
| 20:43 | Construir | Farm |
| 20:46 | Crear | Villager (Male) |
| 20:48 | Crear | Knight |
| 20:58 | Crear | Knight |
| 21:35 | Crear | Villager (Male) |
| 21:37 | Crear | Villager (Male) |
| 21:42 | Construir | Farm |
| 21:43 | Construir | Farm |
| 21:48 | Investigar | Chain Barding Armor |
| 22:09 | Crear | Villager (Male) |
| 22:10 | Construir | Farm |
| 22:11 | Crear | Villager (Male) |
| 22:13 | Crear | Knight |
| 22:21 | Investigar | Husbandry |
| 22:40 | Crear | Villager (Male) |
| 22:42 | Construir | Farm |
| 22:43 | Construir | Farm |
| 22:52 | Investigar | Gold Shaft Mining |
| 23:04 | Crear | Knight |
| 23:10 | Construir | Stable |
| 23:33 | Construir | Farm |
| 23:34 | Construir | Farm |
| 23:36 | Construir | Farm |
| 23:38 | Crear | Villager (Male) |
| 23:38 | Crear | Villager (Male) |
| 23:43 | Crear | Knight |
| 23:56 | Crear | Knight |
| 24:07 | Crear | Villager (Male) |
| 24:13 | Construir | Farm |
| 24:16 | Crear | Villager (Male) |
| 24:21 | Crear | Knight |
| 24:44 | Crear | Knight |
| 24:49 | Crear | Villager (Male) |
| 24:54 | Construir | Lumber Camp |
| 24:58 | Construir | Lumber Camp |
| 25:18 | Construir | Mining Camp |
| 25:20 | Crear | Villager (Male) |
| 25:23 | Crear | Knight |
| 25:40 | Crear | Villager (Male) |
| 25:41 | Construir | Farm |
| 25:43 | Crear | Knight |
| 25:57 | Crear | Villager (Male) |
| 26:02 | Crear | Villager (Male) |
| 26:07 | Crear | Knight |
| 26:21 | Construir | Market |
| 26:34 | Crear | Knight |
| 26:49 | Investigar | Wheelbarrow |
| 26:51 | Investigar | Town Watch |
| 26:53 | Crear | Knight |
| 27:04 | Crear | Knight |
| 27:19 | Crear | Knight |
| 27:30 | Crear | Knight |
| 27:31 | Crear | Knight |
| 27:32 | Investigar | Iron Casting |
| 27:38 | Crear | Knight |
| 27:52 | Crear | Knight |
| 27:53 | Crear | Knight |
Build order — chrisgrm
140 acciones detectadas en el replay
| 0:01 | Crear | Villager (Male) |
| 0:24 | Crear | Villager (Male) |
| 0:49 | Crear | Villager (Male) |
| 1:13 | Crear | Villager (Male) |
| 1:37 | Crear | Villager (Male) |
| 2:14 | Construir | Lumber Camp |
| 2:26 | Crear | Villager (Male) |
| 2:47 | Crear | Villager (Male) |
| 2:57 | Crear | Villager (Male) |
| 3:46 | Crear | Villager (Male) |
| 5:12 | Crear | Villager (Male) |
| 5:49 | Crear | Villager (Male) |
| 6:10 | Construir | Palisade Wall |
| 6:14 | Crear | Villager (Male) |
| 6:25 | Construir | Mill |
| 6:58 | Crear | Villager (Male) |
| 7:15 | Construir | Palisade Wall |
| 7:30 | Crear | Villager (Male) |
| 7:37 | Crear | Villager (Male) |
| 7:56 | Crear | Villager (Male) |
| 8:20 | Crear | Villager (Male) |
| 8:28 | Construir | Farm |
| 8:38 | Construir | Barracks |
| 9:01 | Crear | Villager (Male) |
| 9:12 | Investigar | Loom |
| 9:17 | Investigar | Feudal Age |
| 9:20 | Investigar | Loom |
| 9:34 | Construir | Palisade Wall |
| 9:36 | Crear | Villager (Male) |
| 9:56 | Crear | Villager (Male) |
| 10:29 | Crear | Villager (Male) |
| 11:05 | Crear | Villager (Male) |
| 11:37 | Construir | Farm |
| 11:45 | Edad | Edad Feudal |
| 11:47 | Construir | Farm |
| 11:49 | Crear | Spearman |
| 11:54 | Crear | Villager (Male) |
| 11:58 | Construir | Stable |
| 12:05 | Crear | Villager (Male) |
| 12:08 | Construir | Farm |
| 12:17 | Crear | Villager (Male) |
| 12:21 | Crear | Villager (Male) |
| 12:24 | Crear | Villager (Male) |
| 12:29 | Investigar | Double-Bit Axe |
| 12:33 | Investigar | Wheelbarrow |
| 12:34 | Crear | Villager (Male) |
| 12:41 | Crear | Spearman |
| 12:54 | Construir | Palisade Wall |
| 13:00 | Construir | Palisade Wall |
| 13:12 | Construir | Mining Camp |
| 13:13 | Crear | Villager (Male) |
| 13:22 | Construir | Palisade Wall |
| 13:42 | Crear | Villager (Male) |
| 13:46 | Construir | Farm |
| 14:03 | Construir | Farm |
| 14:06 | Construir | Farm |
| 14:20 | Construir | Farm |
| 14:25 | Crear | Villager (Male) |
| 14:30 | Construir | Palisade Wall |
| 14:36 | Crear | Villager (Male) |
| 14:44 | Crear | Villager (Male) |
| 14:50 | Construir | Farm |
| 15:11 | Investigar | Horse Collar |
| 15:22 | Construir | Farm |
| 15:35 | Crear | Villager (Male) |
| 15:51 | Crear | Villager (Male) |
| 15:55 | Construir | Farm |
| 16:08 | Construir | Farm |
| 16:20 | Construir | Farm |
| 16:20 | Construir | Farm |
| 16:31 | Crear | Villager (Male) |
| 17:03 | Crear | Villager (Male) |
| 17:16 | Construir | Palisade Wall |
| 17:21 | Construir | Palisade Wall |
| 17:32 | Construir | Blacksmith |
| 17:37 | Construir | Palisade Wall |
| 17:58 | Construir | Palisade Wall |
| 18:33 | Investigar | Fletching |
| 18:35 | Investigar | Padded Archer Armor |
| 18:35 | Crear | Villager (Male) |
| 18:38 | Construir | Archery Range |
| 18:58 | Construir | Watch Tower |
| 19:08 | Crear | Villager (Male) |
| 19:26 | Crear | Villager (Male) |
| 19:43 | Construir | Market |
| 20:17 | Investigar | Bloodlines |
| 20:20 | Crear | Skirmisher |
| 20:20 | Crear | Skirmisher |
| 20:21 | Crear | Skirmisher |
| 20:55 | Crear | Villager (Male) |
| 23:08 | Crear | Villager (Male) |
| 23:32 | Crear | Villager (Male) |
| 23:41 | Crear | Villager (Male) |
| 23:46 | Crear | Villager (Male) |
| 24:04 | Crear | Skirmisher |
| 24:04 | Crear | Skirmisher |
| 24:22 | Construir | Farm |
| 25:00 | Investigar | Castle Age |
| 25:11 | Crear | Villager (Male) |
| 25:15 | Construir | Archery Range |
| 25:18 | Crear | Villager (Male) |
| 25:44 | Crear | Skirmisher |
| 25:47 | Crear | Villager (Male) |
| 25:59 | Crear | Villager (Male) |
| 26:04 | Construir | Stable |
| 26:18 | Crear | Villager (Male) |
| 26:31 | Crear | Scout Cavalry |
| 26:31 | Crear | Scout Cavalry |
| 26:38 | Crear | Villager (Male) |
| 26:44 | Construir | Farm |
| 26:44 | Construir | Farm |
| 26:46 | Construir | Farm |
| 26:53 | Crear | Scout Cavalry |
| 26:53 | Crear | Scout Cavalry |
| 27:31 | Investigar | Scale Barding Armor |
| 27:32 | Investigar | Scale Barding Armor |
| 27:40 | Edad | Edad de los Castillos |
| 27:47 | Construir | Farm |
| 27:51 | Crear | Knight |
| 27:52 | Crear | Knight |
| 28:14 | Construir | Town Center |
| 28:29 | Crear | Knight |
| 28:29 | Crear | Knight |
| 28:31 | Crear | Villager (Male) |
| 28:39 | Construir | Farm |
| 28:39 | Construir | Farm |
| 28:39 | Construir | Farm |
| 29:02 | Crear | Knight ×2 |
| 29:05 | Crear | Villager (Male) |
| 29:17 | Crear | Villager (Male) |
| 29:24 | Crear | Villager (Male) |
| 29:35 | Investigar | Husbandry |
| 29:36 | Crear | Knight |
| 29:36 | Crear | Knight |
| 29:39 | Crear | Villager (Male) |
| 30:08 | Crear | Villager (Male) |
| 30:17 | Investigar | Forging |
| 30:18 | Investigar | Forging |
| 30:44 | Crear | Knight ×3 |
| 30:44 | Crear | Knight ×3 |
Build order — 11++
Primeras 150 de 176 acciones detectadas
| 0:03 | Crear | Villager (Male) |
| 0:03 | Crear | Villager (Male) |
| 0:03 | Crear | Villager (Male) |
| 0:05 | Construir | House |
| 0:07 | Construir | House |
| 0:25 | Investigar | Loom |
| 0:26 | Investigar | Loom |
| 0:38 | Crear | Villager (Male) |
| 0:38 | Crear | Villager (Male) |
| 0:38 | Crear | Villager (Male) |
| 1:41 | Crear | Villager (Male) |
| 1:41 | Crear | Villager (Male) |
| 1:41 | Crear | Villager (Male) |
| 2:41 | Crear | Villager (Male) |
| 2:42 | Crear | Villager (Male) |
| 2:42 | Crear | Villager (Male) |
| 3:01 | Crear | Villager (Male) |
| 3:01 | Crear | Villager (Male) |
| 3:01 | Crear | Villager (Male) |
| 3:46 | Construir | Lumber Camp |
| 3:54 | Crear | Villager (Male) |
| 3:55 | Crear | Villager (Male) |
| 3:55 | Crear | Villager (Male) |
| 3:55 | Crear | Villager (Male) |
| 4:41 | Crear | Villager (Male) |
| 4:41 | Crear | Villager (Male) |
| 4:41 | Crear | Villager (Male) |
| 4:42 | Crear | Villager (Male) |
| 4:42 | Crear | Villager (Male) |
| 4:58 | Construir | House |
| 5:07 | Construir | House |
| 5:11 | Construir | Palisade Wall |
| 5:38 | Crear | Villager (Male) |
| 5:52 | Crear | Villager (Male) |
| 6:58 | Construir | Barracks |
| 7:00 | Crear | Villager (Male) |
| 7:09 | Crear | Villager (Male) |
| 7:33 | Crear | Villager (Male) |
| 8:21 | Construir | Mill |
| 8:22 | Crear | Villager (Male) |
| 8:24 | Crear | Villager (Male) |
| 8:29 | Crear | Villager (Male) |
| 8:37 | Construir | House |
| 9:13 | Crear | Villager (Male) |
| 9:54 | Crear | Villager (Male) |
| 10:13 | Investigar | Feudal Age |
| 10:34 | Construir | Mining Camp |
| 12:37 | Edad | Edad Feudal |
| 12:39 | Construir | Archery Range |
| 12:43 | Construir | Blacksmith |
| 12:48 | Crear | Villager (Male) |
| 12:50 | Crear | Villager (Male) |
| 12:55 | Construir | House |
| 13:06 | Crear | Villager (Male) |
| 13:09 | Investigar | Double-Bit Axe |
| 13:17 | Crear | Spearman |
| 13:24 | Crear | Archer |
| 13:24 | Crear | Archer |
| 13:24 | Crear | Archer |
| 13:27 | Investigar | Fletching |
| 13:33 | Construir | Archery Range |
| 13:44 | Crear | Archer |
| 13:53 | Construir | Farm |
| 14:00 | Construir | Farm |
| 14:10 | Crear | Archer |
| 14:12 | Investigar | Padded Archer Armor |
| 14:39 | Construir | Farm |
| 14:40 | Crear | Archer |
| 14:40 | Crear | Archer |
| 14:45 | Construir | Farm |
| 14:46 | Construir | Farm |
| 14:53 | Crear | Villager (Male) |
| 14:55 | Crear | Villager (Male) |
| 14:59 | Construir | Farm |
| 15:00 | Crear | Archer |
| 15:21 | Construir | House |
| 15:28 | Construir | House |
| 15:32 | Construir | House |
| 15:37 | Crear | Archer |
| 15:44 | Crear | Villager (Male) |
| 15:49 | Construir | Farm |
| 15:54 | Construir | Farm |
| 15:57 | Construir | Farm |
| 16:30 | Crear | Spearman |
| 16:38 | Crear | Spearman |
| 17:02 | Crear | Villager (Male) |
| 17:08 | Construir | Gate |
| 17:13 | Crear | Archer |
| 17:15 | Crear | Villager (Male) |
| 17:18 | Crear | Spearman |
| 17:30 | Investigar | Forging |
| 17:32 | Crear | Archer |
| 18:37 | Crear | Villager (Male) |
| 18:42 | Construir | Market |
| 18:43 | Crear | Villager (Male) |
| 18:47 | Construir | Farm |
| 18:48 | Construir | Farm |
| 18:54 | Investigar | Horse Collar |
| 20:39 | Investigar | Castle Age |
| 20:39 | Investigar | Castle Age |
| 20:39 | Investigar | Castle Age |
| 21:06 | Crear | Archer |
| 21:17 | Construir | Mining Camp |
| 22:08 | Crear | Archer |
| 22:08 | Crear | Archer |
| 22:15 | Construir | House |
| 22:16 | Construir | House |
| 22:16 | Construir | House |
| 23:19 | Edad | Edad de los Castillos |
| 23:23 | Investigar | Bodkin Arrow |
| 23:25 | Investigar | Crossbowman (upgrade) |
| 23:31 | Crear | Archer |
| 23:31 | Crear | Archer |
| 23:33 | Crear | Villager (Male) |
| 23:50 | Construir | Siege Workshop |
| 23:53 | Investigar | Leather Archer Armor |
| 23:55 | Crear | Archer |
| 24:07 | Crear | Archer |
| 24:07 | Crear | Archer |
| 24:25 | Investigar | Scale Mail Armor |
| 24:27 | Investigar | Squires |
| 24:27 | Crear | Spearman |
| 24:34 | Crear | Villager (Male) |
| 24:34 | Crear | Villager (Male) |
| 24:39 | Crear | Villager (Male) |
| 24:47 | Construir | Town Center |
| 25:08 | Investigar | Heavy Plow |
| 25:12 | Crear | Archer |
| 25:13 | Crear | Archer |
| 25:14 | Crear | Villager (Male) |
| 25:18 | Construir | Watch Tower |
| 25:23 | Crear | Mangonel |
| 25:25 | Crear | Villager (Male) |
| 25:53 | Construir | Farm |
| 25:53 | Construir | Farm |
| 25:54 | Crear | Villager (Male) |
| 25:56 | Crear | Villager (Male) |
| 26:02 | Crear | Villager (Male) |
| 26:02 | Crear | Villager (Male) |
| 26:17 | Crear | Archer |
| 26:17 | Crear | Archer |
| 27:55 | Crear | Archer |
| 28:00 | Crear | Archer |
| 28:16 | Crear | Archer |
| 28:16 | Crear | Archer |
| 28:18 | Crear | Villager (Male) |
| 28:19 | Investigar | Town Watch |
| 28:21 | Investigar | Gold Mining |
| 28:28 | Construir | Farm |
| 28:29 | Crear | Mangonel |
Build order — kenneth3011
Primeras 150 de 160 acciones detectadas
| 0:01 | Crear | Villager (Male) |
| 0:01 | Crear | Villager (Male) |
| 0:02 | Crear | Villager (Male) |
| 0:05 | Construir | House |
| 0:06 | Construir | House |
| 0:57 | Crear | Villager (Male) |
| 1:29 | Crear | Villager (Male) |
| 1:56 | Construir | Lumber Camp |
| 2:01 | Crear | Villager (Male) |
| 2:26 | Crear | Villager (Male) |
| 2:51 | Crear | Villager (Male) |
| 3:19 | Crear | Villager (Male) |
| 3:33 | Construir | House |
| 3:41 | Crear | Villager (Male) |
| 3:58 | Crear | Villager (Male) |
| 4:47 | Crear | Villager (Male) |
| 4:47 | Crear | Villager (Male) |
| 5:18 | Crear | Villager (Male) |
| 5:36 | Crear | Villager (Male) |
| 5:37 | Crear | Villager (Male) |
| 5:59 | Crear | Villager (Male) |
| 6:11 | Construir | House |
| 6:35 | Construir | Mill |
| 6:57 | Investigar | Loom |
| 7:29 | Construir | Mining Camp |
| 7:43 | Investigar | Feudal Age |
| 7:44 | Investigar | Feudal Age |
| 8:44 | Crear | Villager (Male) |
| 8:53 | Construir | House |
| 8:57 | Crear | Villager (Male) |
| 9:34 | Construir | Mining Camp |
| 9:39 | Construir | House |
| 9:53 | Edad | Edad Feudal |
| 9:54 | Investigar | Double-Bit Axe |
| 9:56 | Investigar | Horse Collar |
| 10:04 | Construir | Farm |
| 10:19 | Crear | Villager (Male) |
| 10:21 | Construir | Farm |
| 10:31 | Construir | Market |
| 10:46 | Construir | Farm |
| 10:53 | Crear | Villager (Male) |
| 11:15 | Crear | Villager (Male) |
| 11:21 | Construir | Blacksmith |
| 11:31 | Construir | Farm |
| 11:43 | Crear | Villager (Male) |
| 12:01 | Construir | Farm |
| 12:16 | Crear | Villager (Male) |
| 12:26 | Construir | Farm |
| 12:36 | Crear | Villager (Male) |
| 12:53 | Construir | Farm |
| 13:04 | Crear | Villager (Male) |
| 13:17 | Construir | Farm |
| 13:27 | Crear | Villager (Male) |
| 13:46 | Construir | Farm |
| 13:49 | Crear | Villager (Male) |
| 14:28 | Crear | Villager (Male) |
| 14:31 | Construir | Farm |
| 15:05 | Construir | Farm |
| 15:06 | Construir | Farm |
| 15:09 | Crear | Villager (Male) |
| 15:12 | Construir | Farm |
| 15:26 | Construir | Farm |
| 15:32 | Crear | Villager (Male) |
| 15:50 | Investigar | Castle Age |
| 16:05 | Construir | Farm |
| 16:16 | Construir | Barracks |
| 17:03 | Construir | House |
| 17:09 | Construir | House |
| 17:18 | Crear | Villager (Male) |
| 17:28 | Construir | Archery Range |
| 17:54 | Investigar | Forging |
| 17:55 | Investigar | Scale Mail Armor |
| 18:11 | Construir | Archery Range |
| 18:28 | Crear | Skirmisher |
| 18:29 | Crear | Skirmisher |
| 18:29 | Crear | Skirmisher |
| 18:34 | Investigar | Padded Archer Armor |
| 18:35 | Investigar | Fletching |
| 18:39 | Edad | Edad de los Castillos |
| 18:48 | Construir | Archery Range |
| 18:55 | Crear | Villager (Male) |
| 19:05 | Investigar | Gold Mining |
| 19:09 | Crear | Skirmisher |
| 19:09 | Crear | Skirmisher |
| 19:10 | Crear | Skirmisher |
| 19:14 | Crear | Skirmisher |
| 19:25 | Crear | Villager (Male) |
| 19:40 | Construir | Town Center |
| 19:45 | Crear | Villager (Male) |
| 19:56 | Investigar | Elite Skirmisher (upgrade) |
| 20:10 | Crear | Skirmisher |
| 20:14 | Crear | Skirmisher ×5 |
| 20:34 | Crear | Villager (Male) |
| 20:34 | Crear | Villager (Male) |
| 20:35 | Crear | Villager (Male) |
| 20:39 | Investigar | Wheelbarrow |
| 20:50 | Construir | Farm |
| 20:50 | Construir | Farm |
| 20:50 | Construir | Farm |
| 20:58 | Crear | Skirmisher ×5 |
| 21:01 | Crear | Villager (Male) |
| 21:12 | Construir | House |
| 21:27 | Crear | Skirmisher ×4 |
| 21:37 | Construir | House |
| 21:41 | Construir | House |
| 22:11 | Crear | Villager (Male) |
| 22:12 | Crear | Villager (Male) |
| 23:03 | Construir | House |
| 23:11 | Construir | House |
| 23:13 | Construir | House |
| 23:18 | Construir | House |
| 23:42 | Crear | Villager (Male) |
| 23:43 | Crear | Villager (Male) |
| 24:03 | Crear | Villager (Male) |
| 24:19 | Investigar | Pikeman (upgrade) |
| 24:20 | Investigar | Squires |
| 24:31 | Construir | Farm |
| 24:32 | Crear | Villager (Male) |
| 24:32 | Crear | Villager (Male) |
| 24:32 | Crear | Villager (Male) |
| 25:02 | Crear | Villager (Male) |
| 25:02 | Crear | Villager (Male) |
| 25:02 | Crear | Villager (Male) |
| 25:19 | Construir | Town Center |
| 25:22 | Crear | Villager (Male) |
| 25:22 | Crear | Villager (Male) |
| 25:23 | Crear | Villager (Male) |
| 25:38 | Crear | Villager (Male) |
| 25:57 | Construir | Siege Workshop |
| 26:53 | Crear | Mangonel |
| 26:54 | Crear | Mangonel |
| 26:57 | Crear | Villager (Male) |
| 26:57 | Crear | Villager (Male) |
| 26:58 | Crear | Villager (Male) |
| 27:03 | Construir | Farm |
| 27:04 | Construir | Farm |
| 27:04 | Construir | Farm |
| 27:04 | Construir | Farm |
| 27:19 | Investigar | Bodkin Arrow |
| 27:20 | Investigar | Leather Archer Armor |
| 28:09 | Crear | Mangonel |
| 28:10 | Crear | Villager (Male) |
| 28:10 | Crear | Villager (Male) |
| 28:14 | Construir | Farm |
| 28:15 | Construir | Farm |
| 28:16 | Construir | Farm |
| 28:41 | Crear | Villager (Male) |
| 28:41 | Crear | Villager (Male) |
| 28:58 | Crear | Mangonel |
| 29:06 | Crear | Villager (Male) |
Build order — fengyiwui
Primeras 150 de 223 acciones detectadas
| 0:03 | Crear | Villager (Male) |
| 0:04 | Crear | Villager (Male) |
| 0:04 | Crear | Villager (Male) |
| 0:05 | Crear | Villager (Male) |
| 0:06 | Construir | House |
| 1:24 | Construir | House |
| 1:29 | Crear | Villager (Male) |
| 2:04 | Construir | House |
| 2:06 | Crear | Villager (Male) |
| 2:07 | Crear | Villager (Male) |
| 2:23 | Crear | Villager (Male) |
| 2:23 | Crear | Villager (Male) |
| 2:34 | Construir | House |
| 2:40 | Construir | Lumber Camp |
| 2:56 | Crear | Villager (Male) |
| 2:56 | Crear | Villager (Male) |
| 3:13 | Crear | Villager (Male) |
| 3:16 | Crear | Villager (Male) |
| 4:01 | Crear | Villager (Male) |
| 4:30 | Crear | Villager (Male) |
| 4:47 | Crear | Villager (Male) |
| 4:48 | Crear | Villager (Male) |
| 4:48 | Crear | Villager (Male) |
| 5:00 | Crear | Villager (Male) |
| 5:00 | Crear | Villager (Male) |
| 5:00 | Crear | Villager (Male) |
| 5:21 | Construir | Mill |
| 6:32 | Crear | Villager (Male) |
| 6:33 | Crear | Villager (Male) |
| 6:33 | Crear | Villager (Male) |
| 6:34 | Crear | Villager (Male) |
| 6:37 | Crear | Villager (Male) |
| 6:47 | Crear | Villager (Male) |
| 6:48 | Crear | Villager (Male) |
| 7:12 | Crear | Villager (Male) |
| 7:12 | Crear | Villager (Male) |
| 7:25 | Crear | Villager (Male) |
| 7:26 | Crear | Villager (Male) |
| 7:26 | Crear | Villager (Male) |
| 7:26 | Crear | Villager (Male) |
| 8:11 | Construir | Palisade Wall |
| 8:38 | Construir | House |
| 8:43 | Construir | Mining Camp |
| 8:47 | Investigar | Feudal Age |
| 9:02 | Construir | Palisade Wall |
| 9:08 | Construir | Palisade Gate |
| 9:46 | Construir | Barracks |
| 10:23 | Construir | House |
| 10:55 | Construir | House |
| 11:06 | Crear | Villager (Male) |
| 11:07 | Crear | Villager (Male) |
| 11:07 | Crear | Villager (Male) |
| 11:07 | Crear | Villager (Male) |
| 11:12 | Edad | Edad Feudal |
| 11:16 | Construir | Archery Range |
| 11:26 | Construir | Archery Range |
| 11:29 | Crear | Villager (Male) |
| 11:33 | Investigar | Horse Collar |
| 11:44 | Construir | Blacksmith |
| 11:51 | Crear | Villager (Male) |
| 11:51 | Crear | Villager (Male) |
| 11:58 | Investigar | Double-Bit Axe |
| 12:05 | Construir | Farm |
| 12:06 | Crear | Villager (Male) |
| 12:20 | Construir | Farm |
| 12:25 | Crear | Archer |
| 12:26 | Crear | Archer |
| 12:30 | Crear | Villager (Male) |
| 12:30 | Crear | Villager (Male) |
| 12:37 | Construir | Farm |
| 12:48 | Construir | Farm |
| 12:55 | Crear | Villager (Male) |
| 13:12 | Construir | Farm |
| 13:19 | Construir | Farm |
| 13:30 | Crear | Archer |
| 13:31 | Crear | Archer |
| 13:31 | Crear | Archer |
| 13:31 | Crear | Archer |
| 13:42 | Construir | House |
| 13:45 | Construir | House |
| 13:49 | Construir | House |
| 13:59 | Construir | Palisade Wall |
| 14:04 | Construir | Palisade Wall |
| 14:10 | Construir | House |
| 14:14 | Crear | Villager (Male) |
| 14:15 | Crear | Villager (Male) |
| 14:15 | Crear | Villager (Male) |
| 14:18 | Construir | Farm |
| 14:19 | Construir | Farm |
| 14:24 | Construir | Farm |
| 14:29 | Crear | Archer |
| 14:29 | Crear | Archer |
| 14:30 | Crear | Archer |
| 14:30 | Crear | Archer |
| 14:33 | Crear | Archer |
| 14:33 | Crear | Archer |
| 14:52 | Construir | House |
| 14:53 | Construir | House |
| 15:02 | Construir | House |
| 15:03 | Construir | House |
| 15:05 | Construir | House |
| 15:08 | Crear | Villager (Male) |
| 15:08 | Crear | Villager (Male) |
| 15:17 | Construir | Farm |
| 15:45 | Crear | Villager (Male) |
| 15:46 | Crear | Villager (Male) |
| 15:49 | Crear | Archer |
| 15:49 | Crear | Archer |
| 15:49 | Crear | Archer |
| 15:50 | Crear | Archer |
| 15:51 | Crear | Archer |
| 15:51 | Crear | Archer |
| 15:51 | Crear | Archer |
| 15:51 | Crear | Archer |
| 15:59 | Construir | Farm |
| 16:37 | Construir | Farm |
| 16:39 | Construir | Farm |
| 16:40 | Construir | Farm |
| 16:45 | Crear | Villager (Male) |
| 16:45 | Crear | Villager (Male) |
| 16:48 | Construir | Farm |
| 16:50 | Construir | Farm |
| 16:54 | Crear | Villager (Male) |
| 16:58 | Construir | Farm |
| 17:16 | Construir | Farm |
| 17:20 | Construir | Farm |
| 18:02 | Crear | Villager (Male) |
| 18:02 | Crear | Villager (Male) |
| 18:04 | Construir | Farm |
| 18:06 | Construir | Farm |
| 18:07 | Construir | Farm |
| 18:31 | Construir | Farm |
| 19:04 | Investigar | Castle Age |
| 19:21 | Construir | Lumber Camp |
| 19:24 | Construir | Lumber Camp |
| 19:32 | Construir | House |
| 19:33 | Construir | House |
| 20:05 | Investigar | Gold Mining |
| 20:10 | Investigar | Fletching |
| 20:10 | Investigar | Padded Archer Armor |
| 20:13 | Crear | Archer |
| 20:13 | Crear | Archer |
| 20:13 | Crear | Archer |
| 20:13 | Crear | Archer |
| 20:14 | Crear | Archer |
| 20:15 | Crear | Archer |
| 20:15 | Crear | Archer |
| 20:15 | Crear | Archer |
| 20:49 | Construir | House |
| 20:50 | Construir | House |
Cronología de la partida
| 5:11 | 11++ · wall_segment Palisade Wall x6 |
| 6:10 | chrisgrm · wall_segment Palisade Wall x5 |
| 6:58 | 11++ · first_building Barracks |
| 7:15 | chrisgrm · wall_segment Palisade Wall x5 |
| 7:23 | Nidagumo · first_building Barracks |
| 8:11 | fengyiwui · wall_segment Palisade Wall x6 |
| 8:38 | chrisgrm · first_building Barracks |
| 9:02 | fengyiwui · wall_segment Palisade Wall x9 |
| 9:12 | elPreto · wall_segment Palisade Wall x1 |
| 9:34 | chrisgrm · wall_segment Palisade Wall x4 |
| 9:46 | fengyiwui · first_building Barracks |
| 9:53 | kenneth3011 · age_up feudal |
| 10:10 | elPreto · first_building Barracks |
| 11:00 | elPreto · age_up feudal |
| 11:10 | elPreto · first_building Stable |
| 11:12 | fengyiwui · age_up feudal |
| 11:16 | fengyiwui · first_building Archery Range |
| 11:45 | chrisgrm · age_up feudal |
| 11:58 | chrisgrm · first_building Stable |
| 12:37 | 11++ · age_up feudal |
| 12:39 | 11++ · first_building Archery Range |
| 12:54 | chrisgrm · wall_segment Palisade Wall x4 |
| 13:00 | chrisgrm · wall_segment Palisade Wall x10 |
| 13:22 | chrisgrm · wall_segment Palisade Wall x4 |
| 13:44 | Nidagumo · age_up feudal |
| 13:45 | Nidagumo · first_building Stable |
| 13:59 | fengyiwui · wall_segment Palisade Wall x5 |
| 14:04 | fengyiwui · wall_segment Palisade Wall x4 |
| 14:30 | chrisgrm · wall_segment Palisade Wall x10 |
| 15:45 | elPreto · age_up castle |
| 16:16 | kenneth3011 · first_building Barracks |
| 17:16 | chrisgrm · wall_segment Palisade Wall x6 |
| 17:21 | chrisgrm · wall_segment Palisade Wall x8 |
| 17:28 | kenneth3011 · first_building Archery Range |
| 17:37 | chrisgrm · wall_segment Palisade Wall x1 |
| 17:58 | chrisgrm · wall_segment Palisade Wall x2 |
| 18:38 | chrisgrm · first_building Archery Range |
| 18:39 | kenneth3011 · age_up castle |
| 19:52 | kenneth3011 · first_market_sell 100 wood |
| 21:55 | fengyiwui · age_up castle |
| 22:59 | fengyiwui · first_building Siege Workshop |
| 23:19 | 11++ · age_up castle |
| 23:19 | Nidagumo · resign |
| 23:50 | 11++ · first_building Siege Workshop |
| 25:57 | kenneth3011 · first_building Siege Workshop |
| 27:26 | elPreto · first_market_sell 100 wood |
| 27:40 | chrisgrm · age_up castle |
| 28:01 | chrisgrm · first_market_buy 100 wood |
| 28:08 | chrisgrm · first_market_sell 100 food |
| 29:13 | 11++ · first_building Monastery |
| 29:23 | elPreto · first_building Monastery |
| 29:57 | fengyiwui · first_building Monastery |
| 30:06 | 11++ · first_market_sell 100 food |
| 30:19 | 11++ · first_market_buy 100 stone |
| 30:29 | 11++ · first_building Castle |
[ ANÁLISIS IA · 1 CRÉDITO ]
¿Qué pasó realmente en esta partida?
Wolo.gg analiza cada decisión: build order, eco, micro, errores típicos por bracket. Análisis personalizado por WhatsApp o Discord en 30 segundos.
Guía civ
Polacos
Guía mapa
Socotra
Perfil
Jugador #6481049